 Dungeon Crawl Stone Soup version 0.27.0-1-g7a08968 (webtiles) character file.

Game seed: 6911710984971902490

5758 Host24 the Quickloader (level 11, -9/71 HPs)
             Began as a Kobold Hunter on Jan 25, 2022.
             Was a Follower of Dithmenos.
             Mangled by an orc warrior (30 damage)
             ... in a bailey.
             The game lasted 01:02:49 (14107 turns).

Host24 the Quickloader (Kobold Hunter)             Turns: 14107, Time: 01:02:49

Health: -9/71      AC: 12    Str: 11    XL:     11   Next: 6%
Magic:  11/11      EV: 20    Int: 16    God:    Dithmenos [*.....]
Gold:   1005       SH:  0    Dex: 23    Spells: 10/10 levels left

rFire    . . .     SeeInvis +   Y - +0 arbalest
rCold    . . .     Faith    .   (shield currently unavailable)
rNeg     . . .     Spirit   .   N - +0 steam dragon scales
rPois    .         Reflect  .   r - +2 helmet {Int+3}
rElec    .         Harm     .   j - +0 cloak
rCorr    .         Rampage  .   P - +0 pair of gloves
Will     .....                  G - +0 pair of boots
Stlth    +++++.....             (no amulet)
HPRegen  0.21/turn              A - ring of see invisible
MPRegen  0.12/turn              X - +6 ring of dexterity

@: flying, hasted, wreathed by umbra, very quick
A: small, no large weapons, nightstalker 3
a: Renounce Religion


You were in a bailey.
You worshipped Dithmenos.
Dithmenos was aware of your devotion.
You visited 2 branches of the dungeon, and saw 10 of its levels.
You also visited: Sewer, Ossuary and Bailey.

You collected 1005 gold pieces.

Inventory:

Hand Weapons
 a - a +1 hand crossbow
 q - a +4 vampiric dagger
 B - a +1 flail of holy wrath
 E - the +3 hunting sling of Yzxojeme {vorpal, Str+7}
   (You found it on level 5 of the Dungeon)

   Any ammunition fired from it inflicts extra damage upon your enemies.
   Str:       It affects your strength (+7).
 V - a +0 shortbow
 W - a +2 hand axe of venom
 Y - a +0 arbalest (weapon)
Missiles
 c - 77 arrows
 d - 16 bolts (quivered ammo)
 h - 179 stones
 i - 44 poisoned darts
 s - 72 sling bullets
 R - 2 boomerangs
 U - a curare-tipped dart
Armour
 j - a +0 cloak (worn)
 o - a +0 kite shield
 r - a +2 helmet of intelligence (worn)
 G - a +0 pair of boots (worn)
 N - +0 steam dragon scales (worn)
 P - a +0 pair of gloves (worn)
 Q - the +3 leather armour of Gomehuq {Int+2}
   (You found it on level 7 of the Dungeon)

   Int:       It affects your intelligence (+2).
Magical Staves
 K - a staff of conjuration
Jewellery
 g - a ring of ice
 A - a ring of see invisible (left hand)
 F - a ring of protection from fire
 X - a +6 ring of dexterity (right hand)
Wands
 m - a wand of paralysis (13)
 M - a wand of charming (9)
 O - a wand of mindburst (31)
 S - a wand of digging (4)
Scrolls
 f - 3 scrolls of amnesia
 k - 3 scrolls of enchant weapon
 u - a scroll of immolation {unknown}
 v - 2 scrolls of vulnerability
 D - 3 scrolls of teleportation {unknown}
 H - a scroll of fog {unknown}
 I - 2 scrolls of magic mapping
 L - a scroll of enchant armour {unknown}
 T - 2 scrolls of identify
 Z - a scroll of fear
Potions
 b - 2 potions of mutation {unknown}
 l - 8 potions of brilliance
 n - 3 potions of flight
 p - 2 potions of might {unknown}
 t - 5 potions of lignification {unknown}
 w - 2 potions of magic {unknown}
 x - 2 potions of cancellation {unknown}
 z - 3 potions of attraction {unknown}
 J - 3 potions of degeneration {unknown}
Miscellaneous
 y - a condenser vane


   Skills:
 - Level 9.1 Fighting
 - Level 2.1 Slings
 + Level 12.0 Crossbows
 - Level 4.0 Armour
 - Level 7.0 Dodging
 - Level 6.1 Stealth
 - Level 3.1 Shields
 - Level 0.2 Evocations


You had 10 spell levels left.
You didn't know any spells.
Your spell library contained the following spells:

 Spells                   Type           Power      Damage    Failure   Level
 Pain                     Necr           0%         1d4       26%         1
 Conjure Flame            Conj/Fire      0%         6-21      58%         3
 Gell's Gravitas          Tloc           0%         N/A       58%         3
 Ignite Poison            Fire/Tmut/Pois 0%         N/A       58%         3
 Teleport Other           Tloc           0%         N/A       58%         3
 Sticky Flame             Conj/Fire      0%         2d3       94%         4
 Agony                    Necr           0%         N/A       100%        5
 Alistair's Intoxication  Tmut/Pois      0%         N/A       100%        5
 Borgnjor's Vile Clutch   Necr/Erth      0%         N/A       100%        5
 Excruciating Wounds      Necr           0%         N/A       100%        5
 Dispersal                Tloc           0%         N/A       100%        6
 Eringya's Noxious Bog    Tmut/Pois      0%         N/A       100%        6


Dungeon Overview and Level Annotations

Branches:
Dungeon (9/15)             Temple (1/1) D:7           Sewer (visited)
Ossuary (visited)          Bailey (1/1)
   Lair: D:8-11         Orc: D:9-12

Altars:
Ashenzari
Cheibriados
Dithmenos
Fedhas
Gozag
Hepliaklqana
Kikubaaqudgha
Okawaru
Ru
Vehumet
Wu Jian
Xom
Zin

Shops:
D:8 *:*[[

Annotations:
D:9 Harold


Innate Abilities, Weirdness & Mutations

You are small and have problems with some larger weapons.
You are completely attuned to the shadows.


Message History

Fire: 22 bolts
Press: ? - help, Q - select action, (/) - cycle Shift-Dir - straight line, f/p - orc warrior
Aim: an orc warrior, wielding a +0 arbalest, wearing a +0 scale mail and quivering bolts (66% to hit)
You shoot a bolt. The bolt hits the orc warrior!
The orc warrior is heavily wounded.
Fire: 21 bolts
Press: ? - help, Q - select action, (/) - cycle Shift-Dir - straight line, f/p - orc warrior
Aim: an orc warrior, wielding a +0 arbalest, wearing a +0 scale mail and quivering bolts (heavily wounded, 66% to hit)
You shoot a bolt.
The bolt hits the orc warrior but does no damage.
The orc warrior is heavily wounded.
The orc warrior shoots a bolt.
The bolt closely misses you.
Fire: 20 bolts
Press: ? - help, Q - select action, (/) - cycle Shift-Dir - straight line, f/p - orc warrior
Aim: an orc warrior, wielding a +0 arbalest, wearing a +0 scale mail and quivering bolts (heavily wounded, 66% to hit)
You shoot a bolt. The bolt hits the orc warrior!
You kill the orc warrior!
Dithmenos accepts your kill.
Your Crossbows skill increases to level 12!
Fire: 19 bolts
Press: ? - help, Q - select action, (/) - cycle Shift-Dir - straight line, f - orc knight
Aim: an orc knight, wielding a +0 glaive and wearing a +0 chain mail (severely wounded, 70% to hit)
You shoot a bolt. The bolt hits the orc knight!
The orc knight is almost dead.
The orc warrior barely misses you.
Fire: 18 bolts
Press: ? - help, Q - select action, (/) - cycle Shift-Dir - straight line, f/p - orc knight
Aim: an orc knight, wielding a +0 glaive and wearing a +0 chain mail (almost dead, 70% to hit)
You shoot a bolt.
The bolt hits the orc knight but does no damage.
The orc knight is almost dead.
The orc warrior misses you.
Fire: 17 bolts
Press: ? - help, Q - select action, (/) - cycle Shift-Dir - straight line, f/p - orc knight
Aim: an orc knight, wielding a +0 glaive and wearing a +0 chain mail (almost dead, 70% to hit)
You shoot a bolt. The bolt hits the orc knight!
You kill the orc knight!
Dithmenos accepts your kill.
The orc warrior hits you from afar with a +0 halberd!!
You die...

### ###
##.###########∩#########
#...##.....##...##.(.((##
#...#..≈≈≈o.#...#o.≈≈≈..#
#...#.≈≈.≈≈(.)...(≈≈.≈≈(#
#...'.≈.@)≈)((....≈)∩.≈.'
#...#.≈≈.≈≈.......≈≈.≈≈.#
#...#.)≈≈≈..#..)#..≈≈≈..#
#...##[)...##.∩.##.....##
##.###########∩#########
### ###


You could see an orc warrior (strong).

Vanquished Creatures
  An orc knight (Bailey)
  2 hornets
  Sigmund (D:2)
  3 yaks (D:9)
  A wyvern (D:8)
  A steam dragon (D:9)
  Menkaure (D:5)
  2 water moccasins
  A hornet zombie (D:7)
  8 orc warriors (Bailey)
  A sky beast (D:8)
  2 ice beasts
  2 black bears (D:5)
  6 ogres
  A centaur (D:8)
  2 phantoms (D:5)
  2 kobold brigands
  Blork the orc (D:6)
  2 bullfrogs
  6 water moccasin zombies
  A scorpion (D:4)
  A water moccasin skeleton (D:6)
  10 killer bees
  An electric eel (D:8)
  3 howler monkeys (D:9)
  A hound (D:6)
  2 centaur skeletons (D:7)
  4 jellies
  An orc priest (D:4)
  Jessica (D:3)
  2 iguanas
  A killer bee zombie (D:8)
  A hound skeleton (D:4)
  2 mummies (Ossuary)
  Robin (D:3)
  3 gnolls (D:4)
  12 adders
  2 river rats (D:6)
  An ufetubus (D:4)
  5 adder zombies (Ossuary)
  4 worms
  A dart slug (D:3)
  29 orcs
  6 endoplasms
  11 giant cockroaches
  7 gnoll zombies (Ossuary)
  21 goblins
  10 hobgoblins
  7 jackals
  22 kobolds
  5 quokkas
  7 ball pythons
  7 bats
  10 frilled lizards
  9 hobgoblin zombies (Ossuary)
  2 kobold zombies (Ossuary)
  5 orc zombies (Ossuary)
  6 rats
270 creatures vanquished.

Vanquished Creatures (others)
  38 plants
38 creatures vanquished.

Grand Total: 308 creatures vanquished

Notes
Turn   | Place    | Note
-------+----------+-------------------------------------------
     0 | D:1      | Host24 the Kobold Hunter began the quest for the Orb.
     0 | D:1      | Reached XP level 1. HP: 12/12 MP: 1/1
    62 | D:1      | Reached skill level 5 in Crossbows
   296 | D:1      | Reached XP level 2. HP: 17/17 MP: 2/2
  1001 | D:1      | Reached XP level 3. HP: 21/21 MP: 3/3
  1130 | D:1      | Found a faded altar of an unknown god.
  1456 | D:2      | Noticed Sigmund
  1889 | D:2      | Reached XP level 4. HP: 28/28 MP: 4/4
  2352 | D:2      | Found an ornate altar of the Wu Jian Council.
  2608 | D:3      | Reached XP level 5. HP: 32/32 MP: 5/5
  2719 | D:3      | Noticed Robin
  2813 | D:3      | Reached skill level 6 in Crossbows
  3584 | D:3      | Noticed an ogre
  3683 | D:3      | Noticed Jessica
  3686 | D:3      | Killed Jessica
  3691 | D:3      | Found a hazy altar of Hepliaklqana.
  3691 | D:3      | Found a blossoming altar of Fedhas.
  3980 | D:3      | Killed Robin
  3981 | D:3      | Reached XP level 6. HP: 37/37 MP: 6/6
  4094 | D:3      | Reached skill level 1 in Armour
  4194 | D:4      | Noticed an ogre
  4448 | D:4      | Found a sand-covered staircase.
  4693 | Ossuary  | Entered an ossuary
  4909 | Ossuary  | Reached XP level 7. HP: 29/44 MP: 7/7
  5033 | Ossuary  | Reached skill level 5 in Fighting
  5334 | Ossuary  | Reached skill level 7 in Crossbows
  5593 | D:4      | Reached skill level 5 in Stealth
  5993 | D:1      | Reached skill level 5 in Dodging
  5993 | D:1      | Reached XP level 8. HP: 45/49 MP: 8/8
  6374 | D:2      | Killed Sigmund
  6375 | D:2      | Reached skill level 8 in Crossbows
  6797 | D:4      | Found an opulent altar of Gozag.
  6970 | D:5      | Entered Level 5 of the Dungeon
  7499 | D:5      | Identified the +3 hunting sling of Yzxojeme {vorpal, Str+7}
  7554 | D:5      | Noticed Menkaure
  7658 | D:5      | Reached skill level 9 in Crossbows
  7786 | D:4      | Reached skill level 10 in Crossbows
  7813 | D:5      | Killed Menkaure
  7814 | D:5      | Reached XP level 9. HP: 30/55 MP: 9/9
  8527 | D:6      | Found a glowing drain.
  8585 | Sewer    | Entered a sewer
  8936 | Sewer    | Reached skill level 1 in Shields
  9101 | D:6      | Noticed Blork the orc
  9104 | D:6      | Killed Blork the orc
  9348 | D:6      | Found a radiant altar of Vehumet.
  9372 | D:6      | Found an ornate altar of the Wu Jian Council.
 10078 | D:7      | Found a radiant altar of Vehumet.
 10078 | D:7      | Found a broken altar of Ashenzari.
 10078 | D:7      | Found an ornate altar of the Wu Jian Council.
 10095 | D:7      | Found a shimmering altar of Xom.
 10095 | D:7      | Found an ancient bone altar of Kikubaaqudgha.
 10095 | D:7      | Found a radiant altar of Vehumet.
 10523 | D:7      | Reached XP level 10. HP: 66/66 MP: 10/10
 10718 | D:7      | Identified the +3 leather armour of Gomehuq {Int+2}
 10841 | D:7      | Found a staircase to the Ecumenical Temple.
 10928 | Temple   | Entered the Ecumenical Temple
 10945 | Temple   | Became a worshipper of Dithmenos the Shadowed
 11333 | D:7      | Noticed a gargoyle
 11588 | D:8      | Found a snail-covered altar of Cheibriados.
 11634 | D:8      | Found Koumm's Antique Armour Shop.
 11889 | D:8      | Found Kylli's Armour Shoppe.
 11990 | D:8      | Found Xuzugock's Assorted Antiques.
 12517 | D:8      | Found Somoakhlay's Book Shoppe.
 12628 | D:8      | Reached skill level 1 in Slings
 13125 | D:8      | Found Exakompy's Assorted Antiques.
 13397 | D:9      | Reached skill level 11 in Crossbows
 13500 | D:9      | Reached * piety under Dithmenos
 13546 | D:9      | Noticed Harold
 13594 | D:9      | Found a flagged portal.
 13629 | Bailey   | Entered a bailey
 13818 | Bailey   | Reached XP level 11. HP: 44/71 MP: 11/11
 14056 | Bailey   | Noticed an orc knight
 14105 | Bailey   | Reached skill level 12 in Crossbows
 14107 | Bailey   | Killed an orc knight
 14107 | Bailey   | Mangled by an orc warrior

Illustrated notes

Levels and vault maps discovered:
D:1:      giann_horns, layout_basic, shapermc_ecumenical_altar_acropolis,
          minmay_hedge_maze, hangedman_abyss_or_decor_stabs
D:2:      layout_loops_ring, basic_altar, st_stairs_13, minmay_misc_feat_plants,
          chequers_serial_rivers_micro_a, fountainhead, uniq_sigmund
D:3:      corexii_shack_village, layout_loops_ring,
          gammafunk_temple_overflow_wave, minmay_cupped, uniq_jessica,
          uniq_robin
D:4:      layout_rooms, grunt_gozag_breadcrumbs, enter_ossuary_5
D:5:      layout_cave_pools, uniq_menkaure
D:6:      layout_basic, mainiacjoe_overflow_catwalk_spiral,
          lightli_sewer_entry_pipes, minmay_strange_pillars,
          chequers_serial_rivers_small_a, minmay_misc_feat_alley,
          serial_bayou_pond_e, uniq_blork_the_orc
D:7:      layout_basic, doesnt_xom_only_xom, minmay_temple_entry_arrows,
          minmay_misc_feat_roman, chequers_serial_rivers_small_3,
          corexii_hall_statues_x, serial_bayou_lagoon_a
D:8:      layout_rooms, lemuel_round_altar, serial_shops,
          nicolae_inconvenience_store, nicolae_take_the_stairs, shop,
          nicolae_stop_n_shop_2, shop_coins, minmay_puff
D:9:      layout_roguey, enter_bailey_4, uniq_harold
Temple:   cyrus_circular_temple
Bailey:   bailey_polearm_4, bailey

Skill      XL: |  1  2  3  4  5  6  7  8  9 10 11 |
---------------+----------------------------------+-----
Crossbows      | 5 6 7 10 11 12 | 12.0
Dodging        | 3 4 5 6 7 |  7.0
Stealth        | 2 3 5 6 |  6.1
Fighting       | 3 4 5 9 |  9.1
Armour         | 2 4 |  4.0
Shields        | 1 3 |  3.1
Slings         | 2 |  2.1
Evocations     | |  0.2

Action                   |  1- 3 |  4- 6 |  7- 9 | 10-12 || total
-------------------------+-------+-------+-------+-------++-------
Melee: Short sword       |    63 |   118 |       |       ||   181
       Dagger            |       |    95 |   199 |    40 ||   334
       Flail             |       |       |       |     7 ||     7
       Hand axe          |       |       |       |     6 ||     6
 Fire: Hand crossbow     |    28 |    74 |   221 |   168 ||   491
       Hunting sling     |       |       |    19 |    63 ||    82
       Arbalest          |       |       |       |    16 ||    16
Throw: Stone             |       |       |     1 |       ||     1
       Dart              |       |       |       |     7 ||     7
Evoke: Wand              |       |       |       |     5 ||     5
  Use: Scroll            |     1 |     3 |     4 |     1 ||     9
       Potion            |       |     2 |     4 |     7 ||    13
 Stab: Sleeping          |     8 |    21 |    10 |     2 ||    41
       Paralysed         |       |       |       |     6 ||     6
Armor: Leather armour    |    20 |    61 |    42 |    43 ||   166
       Robe              |       |       |    70 |     4 ||    74
       Steam dragon scal |       |       |       |     2 ||     2
Dodge: Dodged            |    62 |   160 |   217 |   163 ||   602
Block: Kite shield       |       |    50 |   165 |   106 ||   321
